 Dungeon Crawl Stone Soup version 0.25.1-8-g42b30a86e7 (webtiles) character file.

Game seed: 11257873512628762697

323 0gre the Chiller (level 6, -6/44 HPs)
             Began as a Gnoll Ice Elementalist on Dec 15, 2020.
             Mangled by Sigmund
             ... wielding a +0 scythe
              (9 damage)
             ... on level 4 of the Dungeon.
             The game lasted 00:21:20 (2986 turns).

0gre the Chiller (Gnoll Ice Elementalist)           Turns: 2986, Time: 00:21:21

Health: -6/44      AC:  7    Str: 12    XL:     6   Next: 47%
Magic:  10/14      EV: 19    Int: 18    God:
Gold:   92         SH:  0    Dex: 15    Spells: 11/15 levels left

rFire    . . .     SeeInvis .   a - +0 morningstar
rCold    . . .     Gourm    .   (no shield)
rNeg     . . .     Faith    .   r - +1 steam dragon scales
rPois    .         Spirit   .   (no helmet)
rElec    .         Reflect  .   x - +0 cloak
rCorr    .         Harm     .   (no gloves)
MR       .....                  (no boots)
Stlth    +++.......             (no amulet)
HPRegen  0.14/turn              m - +4 ring of evasion
MPRegen  0.14/turn              (no ring)

@: lethally poisoned (-6 -> -8)
A: distributed training, fangs 1, strong nose
a: no special abilities


You were on level 4 of the Dungeon.
You were not hungry.

You visited 1 branch of the dungeon, and saw 4 of its levels.

You collected 92 gold pieces.

Inventory:

Hand Weapons
 a - a +0 morningstar (weapon)
 b - a +0 hunting sling
Missiles
 h - 8 poisoned darts
 i - 147 stones
 p - 18 bolts
 u - 5 silver javelins (quivered)
Armour
 f - a +0 robe
 j - a +0 buckler
 r - +1 steam dragon scales (worn)
 x - a +0 cloak (worn)
Jewellery
 m - a +4 ring of evasion (left hand)
Wands
 s - a wand of iceblast (12)
 t - a wand of disintegration (16)
Scrolls
 d - a scroll of enchant armour
 g - 2 scrolls of teleportation
 k - a scroll of fear
 l - a scroll of remove curse
 n - a scroll of identify
 q - a scroll of blinking
Potions
 e - a potion of magic
 o - a potion of curing {unknown}
 v - a potion of invisibility {unknown}
 w - a potion of haste {unknown}
Comestibles
 c - 7 rations
 z - 10 chunks of flesh


   Skills:
 + Level 1.9 Fighting
 + Level 1.9 Short Blades
 + Level 1.9 Long Blades
 + Level 1.9 Axes
 + Level 1.9 Maces & Flails
 + Level 1.9 Polearms
 + Level 1.9 Staves
 + Level 1.9 Slings
 + Level 1.9 Bows
 + Level 1.9 Crossbows
 + Level 1.9 Throwing
 + Level 1.9 Armour
 + Level 5.0 Dodging
 + Level 4.6 Stealth
 + Level 1.9 Shields
 + Level 1.9 Unarmed Combat
 + Level 5.3 Spellcasting
 + Level 1.5 Conjurations
 + Level 1.5 Hexes
 + Level 1.5 Charms
 + Level 1.5 Summonings
 + Level 1.5 Necromancy
 + Level 1.5 Translocations
 + Level 1.5 Transmutations
 + Level 1.5 Fire Magic
 + Level 7.3 Ice Magic
 + Level 1.5 Air Magic
 + Level 1.5 Earth Magic
 + Level 1.5 Poison Magic
 + Level 2.1 Invocations
 + Level 1.9 Evocations


You had 11 spell levels left.
You knew the following spells:

 Your Spells              Type           Power        Failure   Level  Hunger
a - Freeze                Ice            ####         1%          1    None
b - Frozen Ramparts       Ice            ####..       1%          3    ##.....

Your spell library contained the following spells:

 Spells                   Type           Power        Failure   Level  Hunger
 Ozocubu's Armour         Chrm/Ice       ###.....     6%          3    ##.....
 Hailstorm                Conj/Ice       ###.....     21%         4    ####...
 Summon Ice Beast         Ice/Summ       ###.....     21%         4    ####...


Dungeon Overview and Level Annotations

Branches:
Dungeon (4/15)
 Temple: D:4-7

Altars:
Okawaru
Sif Muna
Trog

Annotations:
D:4 Sigmund


Innate Abilities, Weirdness & Mutations

Your experience applies equally to all skills.
You have very sharp teeth.
Your uncanny sense of smell can sniff out nearby items.


Message History

A magic dart appears from out of thin air!
The magic dart hits you!
You hear a zap.
You hear a grinding noise.
You take 8 damage, and have 14/44 hp.
The wall freezes something.
You bump into the rock wall.
The wall freezes something.
A magic dart appears from out of thin air!
The magic dart hits you.
* * * LOW HITPOINT WARNING * * *
You take 2 damage, and have 12/44 hp.
You bump into the rock wall.
You feel less confused.
The wall freezes something.
You hear a zap.
You hear a grinding noise.
You feel sick.
The wall freezes something!
Something hits you!
* * * LOW HITPOINT WARNING * * *
You take 10 damage, and have 2/44 hp.
MASSIVE DAMAGE!!
You closely miss something. Your bite misses something.
The frozen ramparts melt away.
Something hits you!
You die...

#.#.. .# ### #.#.##. ..#
..... ... ∆ ... ... ∆
#†# #<. ... #.# #(# #.#
# # #{# #. #.# # #@# #.
#.# # #.# #. #.# #.# #.
#.##### #.# .#. #......
# #.##.#.#####.#####
..##.#....#.....÷..)...
.........####...########
.....................
.................####


There were no monsters in sight!

Vanquished Creatures
  Crazy Yiuf (D:2)
  An iguana (D:4)
  An orc wizard (D:4)
  2 worker ants
  5 adders
  4 gnolls (D:2)
  2 oozes (D:3)
  2 worms (D:3)
  2 dart slugs
  5 leopard geckos
  7 orcs
  5 giant cockroaches
  7 goblins
  8 hobgoblins
  4 jackals
  A quokka (D:3)
  A ball python (D:4)
  11 bats
  3 frilled lizards
  13 kobolds
  6 rats
91 creatures vanquished.

Vanquished Creatures (others)
  A wizard (D:3)
1 creature vanquished.

Grand Total: 92 creatures vanquished

Notes
Turn   | Place    | Note
-------+----------+-------------------------------------------
     0 | D:1      | 0gre the Gnoll Ice Elementalist began the quest for the
                  | Orb.
     0 | D:1      | Reached XP level 1. HP: 13/13 MP: 6/6
   262 | D:1      | Reached XP level 2. HP: 19/19 MP: 5/7
   465 | D:1      | Reached XP level 3. HP: 25/25 MP: 9/9
   470 | D:1      | Learned a level 3 spell: Frozen Ramparts
   493 | D:1      | Reached skill level 5 in Spellcasting
   883 | D:2      | Reached skill level 1 in Invocations
   886 | D:2      | Reached skill level 1 in Fighting
   886 | D:2      | Reached skill level 1 in Short Blades
   886 | D:2      | Reached skill level 1 in Long Blades
   886 | D:2      | Reached skill level 1 in Axes
   886 | D:2      | Reached skill level 1 in Maces & Flails
   886 | D:2      | Reached skill level 1 in Polearms
   886 | D:2      | Reached skill level 1 in Staves
   886 | D:2      | Reached skill level 1 in Slings
   886 | D:2      | Reached skill level 1 in Bows
   886 | D:2      | Reached skill level 1 in Crossbows
   886 | D:2      | Reached skill level 1 in Throwing
   886 | D:2      | Reached skill level 1 in Armour
   886 | D:2      | Reached skill level 1 in Shields
   886 | D:2      | Reached skill level 1 in Unarmed Combat
   886 | D:2      | Reached skill level 1 in Evocations
   886 | D:2      | Reached XP level 4. HP: 21/32 MP: 7/11
   958 | D:2      | Found an iron altar of Okawaru.
  1118 | D:2      | Reached skill level 1 in Conjurations
  1118 | D:2      | Reached skill level 1 in Hexes
  1118 | D:2      | Reached skill level 1 in Charms
  1118 | D:2      | Reached skill level 1 in Summonings
  1118 | D:2      | Reached skill level 1 in Necromancy
  1118 | D:2      | Reached skill level 1 in Translocations
  1118 | D:2      | Reached skill level 1 in Transmutations
  1118 | D:2      | Reached skill level 1 in Fire Magic
  1118 | D:2      | Reached skill level 1 in Air Magic
  1118 | D:2      | Reached skill level 1 in Earth Magic
  1118 | D:2      | Reached skill level 1 in Poison Magic
  1306 | D:2      | Found a faded altar of an unknown god.
  1496 | D:2      | Found a runed translucent door.
  1497 | D:2      | Noticed Crazy Yiuf
  1505 | D:2      | Killed Crazy Yiuf
  1505 | D:2      | Reached XP level 5. HP: 37/37 MP: 8/12
  2028 | D:3      | Found a bloodstained altar of Trog.
  2344 | D:3      | Found a shimmering blue altar of Sif Muna.
  2361 | D:3      | Reached XP level 6. HP: 32/44 MP: 9/13
  2609 | D:3      | Noticed a wizard
  2615 | D:3      | Killed a wizard
  2967 | D:4      | Reached skill level 5 in Dodging
  2970 | D:4      | Noticed Sigmund
  2985 | D:4      | HP: 2/44 [something (9)]
  2986 | D:4      | Mangled by Sigmund

Illustrated notes

Levels and vault maps discovered:
D:1:      dpeg_arrival_three_same_balls, layout_rooms, minmay_pentomino_p2
D:2:      layout_loops_cross, lemuel_crystal_altar, first_ration,
          chequers_ecumenical_altar_simple, uniq_crazy_yiuf_cottage
D:3:      layout_basic, nicolae_overflow_crystal_walls, minivault_26,
          trog_wizard
D:4:      layout_basic, uniq_sigmund, uniq_ijyb

Skill      XL: |  1  2  3  4  5  6 |
---------------+-------------------+-----
Spellcasting   | 5 |  5.3
Invocations    | 1 2 |  2.1
Fighting       | 1 |  1.9
Short Blades   | 1 |  1.9
Long Blades    | 1 |  1.9
Axes           | 1 |  1.9
Maces & Flails | 1 |  1.9
Polearms       | 1 |  1.9
Staves         | 1 |  1.9
Slings         | 1 |  1.9
Bows           | 1 |  1.9
Crossbows      | 1 |  1.9
Throwing       | 1 |  1.9
Armour         | 1 |  1.9
Shields        | 1 |  1.9
Unarmed Combat | 1 |  1.9
Evocations     | 1 |  1.9
Conjurations   | 1 |  1.5
Hexes          | 1 |  1.5
Charms         | 1 |  1.5
Summonings     | 1 |  1.5
Necromancy     | 1 |  1.5
Translocations | 1 |  1.5
Transmutations | 1 |  1.5
Fire Magic     | 1 |  1.5
Air Magic      | 1 |  1.5
Earth Magic    | 1 |  1.5
Poison Magic   | 1 |  1.5
Dodging        | 5 |  5.0
Stealth        | |  4.6
Ice Magic      | |  7.3

Action                   |  1- 3 |  4- 6 || total
-------------------------+-------+-------++-------
Melee: Whip              |     3 |       ||     3
       Club              |     1 |       ||     1
       War axe           |     1 |    43 ||    44
       Bite              |       |     6 ||     6
       Morningstar       |       |     9 ||     9
 Fire: Hunting sling     |    43 |    17 ||    60
Throw: Stone             |       |     2 ||     2
       Dart              |       |    12 ||    12
       Javelin           |       |     9 ||     9
 Cast: Freeze            |    22 |    19 ||    41
       Frozen Ramparts   |     1 |    12 ||    13
Evoke: Wand              |       |     1 ||     1
  Use: Scroll            |       |     8 ||     8
 Stab: Sleeping          |       |     3 ||     3
  Eat: Chunk             |       |     7 ||     7
Armor: Robe              |     2 |       ||     2
       Steam dragon scal |       |     9 ||     9
Dodge: Dodged            |    19 |    67 ||    86
